 Dungeon Crawl Stone Soup version 0.19.1-1-g22dce08 (webtiles) character file.

5405 Gargoyl the Cleaver (level 10, -1/84 HPs)
             Began as a Ghoul Abyssal Knight on Jan 14, 2017.
             Was an Elder of Lugonu.
             Slain by a troll (2 damage)
             ... on level 9 of the Dungeon.
             The game lasted 00:15:20 (7318 turns).

Gargoyl the Cleaver (Ghoul Abyssal Knight)          Turns: 7318, Time: 00:15:21

Health: -1/84      AC: 18    Str: 22    XL:     10   Next: 67%
Magic:  14/14      EV:  9    Int:  7    God:    Lugonu [****..]
Gold:   273        SH:  0    Dex: 10    Spells: 0 memorised, 9 levels left

rFire  . . .     SeeInvis +     e - +6 battleaxe of Plague {chop, *Noise rElec MR+}
rCold  + . .     Gourm    .     s - +0 chain mail
rNeg   + + +     Faith    .     (shield currently unavailable)
rPois  ∞         Spirit   .     B - +1 helmet
rElec  +         Reflect  .     J - +0 cloak "Copamur" {Str+4 SInv}
rCorr  .         Harm     .     g - +2 pair of gloves
MR     +....                    z - +0 pair of boots {Fly}
Stlth  ..........               (no amulet)
                                (no ring)
                                (no ring)

@: flying, rotting
A: rotting body, claws 1, carnivore 3, cold resistance 1, negative energy
resistance 3, slow regeneration 1, torment resistance, unbreathing
a: Depart the Abyss, Bend Space, Banish, Corrupt, Renounce Religion, Stop Flying


You were on level 9 of the Dungeon.
You worshipped Lugonu.
Lugonu was greatly pleased with you.
You were not hungry.

You visited 1 branch of the dungeon, and saw 9 of its levels.
You visited the Abyss 1 time.

You collected 273 gold pieces.

Inventory:

Hand Weapons
 a - a +2 hand axe
 e - the +6 battleaxe of Plague (weapon) {chop, *Noise rElec MR+}
   (You found it on level 2 of the Abyss)

   It inflicts extra damage upon your enemies.
   It insulates you from electricity.
   It affects your resistance to hostile enchantments.
   It may make noises in combat.
Missiles
 y - 5 tomahawks (quivered)
Armour
 g - a +2 pair of gloves (worn)
 s - a +0 chain mail (worn)
 z - a +0 pair of boots of flying (worn)
 B - a +1 helmet (worn)
 J - the +0 cloak "Copamur" (worn) {Str+4 SInv}
   (You found it on level 7 of the Dungeon)

   It affects your strength (+4).
   It lets you see invisible.
Jewellery
 u - an uncursed amulet of rage {unknown}
 H - a +3 ring of evasion {unknown}
Wands
 b - a wand of slowing (13/48)
 I - a wand of teleportation (7/9)
Scrolls
 h - 4 scrolls of recharging
 j - 6 scrolls of identify
 o - 2 scrolls of blinking
 p - 3 scrolls of magic mapping
 t - a scroll of fear
 C - a scroll of amnesia
Potions
 d - 2 potions of brilliance {unknown}
 i - a potion of curing
 k - 2 potions of might {unknown}
 l - a potion of magic {unknown}
 m - a potion of cancellation {unknown}
 n - a potion of ambrosia {unknown}
 r - 2 potions of agility {unknown}
 v - 3 potions of heal wounds {unknown}
 w - a potion of cure mutation {unknown}
 x - 4 potions of resistance {unknown}
 A - a potion of haste
 D - a potion of mutation {unknown}
 E - a potion of berserk rage {unknown}
Books
 F - a book of Callings

   Spells                             Type                      Level
   a - Summon Small Mammal            Summoning                    1
   b - Call Imp                       Summoning                    2
   c - Call Canine Familiar           Summoning                    3
   d - Summon Guardian Golem          Hexes/Summoning              3
   e - Summon Lightning Spire         Summoning/Air                4
   f - Summon Ice Beast               Ice/Summoning                4
Comestibles
 c - 8 meat rations
 f - a royal jelly
 q - 3 chunks of flesh
 G - 2 slices of pizza


   Skills:
 + Level 6.7 Fighting
 + Level 9.7 Axes
 + Level 0.1 Throwing
 * Level 7.2 Armour
 + Level 2.2 Dodging
 * Level 7.2 Invocations


You had 9 spell levels left.
You didn't know any spells.

Dungeon Overview and Level Annotations

Branches:
Dungeon (9/15)             Temple (0/1) D:7            Lair (0/6) D:8
    Orc: D:9-12

Altars:
Ashenzari
Cheibriados
Dithmenos
Kikubaaqudgha
Makhleb
Nemelex Xobeh
Okawaru
Qazlal
Ru
Sif Muna
Trog
Uskayaw
Xom
The Shining One


Innate Abilities, Weirdness & Mutations

Your body is rotting away.
You thrive on raw meat.
You are immune to poison.
You have sharp fingernails.
You are carnivorous and can eat meat at any time.
Your flesh is cold resistant. (rC+)
You are immune to negative energy. (rN+++)
You regenerate slowly when monsters are visible.
You are immune to unholy pain and torment.
You can survive without breathing.


Message History

The troll claws you but does no damage. The troll claws you!
You slash the troll!
The troll is severely wounded.
The gnoll hits you but does no damage. The troll bites you but does no damage.
The troll barely misses you. The troll claws you but does no damage.
You closely miss the troll.
The troll is severely wounded.
The gnoll hits you but does no damage. The troll closely misses you.
The troll claws you but does no damage. The troll claws you.
You closely miss the troll.
The troll is severely wounded.
The troll bites you!
* * * LOW HITPOINT WARNING * * *
The troll claws you but does no damage. The troll barely misses you.
The gnoll hits you but does no damage. The troll bites you!
* * * LOW HITPOINT WARNING * * *
The troll claws you.
* * * LOW HITPOINT WARNING * * *
The troll claws you.
You die...

#.. #.# #.# #.# ≈ ##.## ≈≈
##...## ≈≈≈ ######.....#
≈≈gg #..........#########
≈≈≈≈≈
#.####.)...@TgtZg..#≈≈≈≈≈≈
#.# ##...######g#.'....!.
#.# ##.### #.#.'..^... #.#
#...# #.###≈≈≈≈≈≈ #.####
###%# #.# ≈;≈≈≈≈ #....#
#.# #.# ≈≈≈≈≈≈ ####.# #.##
#.# ≈≈≈≈≈ #.# #..#
#^#####≈≈≈≈ #<# ##.#
#.....##≈≈≈


You could see a troll, a crocodile, 3 gnolls and a centaur skeleton.

Vanquished Creatures
  An ugly thing (D:9)
  Psyche (D:8)
  Prince Ribbit (D:7)
  A hippogriff (D:8)
  Sigmund (D:2)
  A wyvern (D:8)
  A yak (D:8)
  The ghost of senny the Skirmisher, an amateur DsCK of Xom (D:4)
  An orc warrior (D:8)
  4 ice beasts
  A black bear (D:6)
  7 ogres
  4 centaurs
  A crocodile (D:8)
  2 bullfrogs
  A scorpion (D:8)
  12 killer bees (D:8)
  3 wights (D:8)
  3 howler monkeys (D:9)
  4 crimson imps
  A bullfrog zombie (D:9)
  A centaur zombie (D:8)
  3 jellies
  A quasit (D:8)
  2 hounds
  3 orc priests
  3 orc wizards
  Crazy Yiuf (D:7)
  3 bullfrog skeletons
  3 iguanas
  4 worker ants
  9 gnolls
  A howler monkey skeleton (D:6)
  10 adders
  7 river rats
  A shadow imp (D:6)
  2 oozes (D:1)
  An adder skeleton (D:4)
  An adder zombie (D:6)
  2 worms (D:2)
  4 dart slugs
  4 leopard geckos
  19 orcs
  16 bats
  5 giant cockroaches
  9 goblins
  6 hobgoblins
  12 jackals
  5 quokkas
  A ball python (D:6)
  5 frilled lizards
  9 kobolds
  A quokka skeleton (D:6)
  23 rats
  6 plants
235 creatures vanquished.

Vanquished Creatures (others)
  A spriggan (D:8)
  15 fungi (D:8)
  8 plants
24 creatures vanquished.

Grand Total: 259 creatures vanquished

Notes
Turn   | Place    | Note
-------+----------+-------------------------------------------
     0 | Abyss:1  | Gargoyl the Ghoul Abyssal Knight began the quest for the Orb.
     0 | Abyss:1  | Reached XP level 1. HP: 19/19 MP: 1/1
    45 | Abyss:1  | Noticed an earth elemental
    58 | Abyss:1  | Noticed a phantasmal warrior
   109 | Abyss:1  | Found a corrupted altar of Lugonu.
   186 | Abyss:2  | Got a scorched battleaxe
   192 | Abyss:2  | Noticed a ynoxinul
   193 | D:1      | Escaped the Abyss
   194 | D:1      | Identified the +6 battleaxe of Plague {chop, *Noise rElec MR+} (You found it on level 2 of the Abyss)
   381 | D:1      | Reached XP level 2. HP: 27/27 MP: 2/2
   383 | D:1      | Reached skill level 2 in Axes
   486 | D:1      | Reached * piety under Lugonu
   487 | D:1      | Reached skill level 1 in Dodging
   492 | D:1      | Reached XP level 3. HP: 30/33 MP: 3/3
  1012 | D:2      | Reached XP level 4. HP: 23/40 MP: 3/5
  1022 | D:2      | Found a burning altar of Makhleb.
  1064 | D:2      | Reached ** piety under Lugonu
  1327 | D:2      | Noticed Sigmund
  1335 | D:2      | Killed Sigmund
  1335 | D:2      | Reached skill level 3 in Axes
  1335 | D:2      | Reached XP level 5. HP: 35/46 MP: 6/6
  1335 | D:2      | Reached XP level 6. HP: 39/52 MP: 7/7
  1761 | D:3      | Reached skill level 4 in Axes
  2508 | D:4      | Found a glowing golden altar of the Shining One.
  2579 | D:4      | Found a shimmering altar of Xom.
  2581 | D:4      | Found a shadowy altar of Dithmenos.
  2581 | D:4      | Found an ancient bone altar of Kikubaaqudgha.
  2583 | D:4      | Found a hide-covered altar of Uskayaw.
  2583 | D:4      | Found a shimmering altar of Xom.
  2583 | D:4      | Found an iron altar of Okawaru.
  2621 | D:4      | Found a shadowy altar of Dithmenos.
  2738 | D:4      | Noticed senny's ghost (amateur DsCK)
  2759 | D:4      | Killed senny's ghost
  2759 | D:4      | Reached XP level 7. HP: 43/59 MP: 8/8
  2879 | D:4      | Found a snail-covered altar of Cheibriados.
  2977 | D:4      | Found an iron altar of Okawaru.
  3145 | D:4      | Reached skill level 5 in Axes
  3196 | D:4      | Reached *** piety under Lugonu
  3262 | D:5      | Entered Level 5 of the Dungeon
  3352 | D:5      | Found an iron altar of Okawaru.
  3366 | D:5      | Found a bloodstained altar of Trog.
  3555 | D:5      | Found a sparkling altar of Nemelex Xobeh.
  3646 | D:5      | Found a shattered altar of Ashenzari.
  3652 | D:5      | Found a sacrificial altar of Ru.
  3694 | D:5      | Found a bloodstained altar of Trog.
  3844 | D:6      | Reached XP level 8. HP: 65/67 MP: 10/10
  4155 | D:6      | Reached skill level 6 in Axes
  4279 | D:6      | Reached skill level 5 in Armour
  4299 | D:6      | Reached skill level 5 in Invocations
  4705 | D:7      | Found a staircase to the Ecumenical Temple.
  4723 | D:7      | Found a stormy altar of Qazlal.
  4837 | D:7      | Got an encrusted cloak
  4853 | D:7      | Identified the cursed +0 cloak "Copamur" {Str+4 SInv} (You found it on level 7 of the Dungeon)
  4941 | D:7      | Reached XP level 9. HP: 63/72 MP: 11/11
  5002 | D:7      | Reached skill level 7 in Axes
  5248 | D:7      | Reached skill level 5 in Fighting
  5320 | D:7      | Found a runed door.
  5749 | D:7      | Noticed Crazy Yiuf
  5753 | D:7      | Killed Crazy Yiuf
  5885 | D:8      | Reached **** piety under Lugonu
  5937 | D:8      | Reached skill level 8 in Axes
  5940 | D:8      | Noticed Prince Ribbit
  5946 | D:8      | Noticed Psyche
  6154 | D:8      | Killed Psyche
  6154 | D:8      | Reached XP level 10. HP: 59/83 MP: 13/13
  6205 | D:7      | Killed Prince Ribbit
  6205 | D:7      | Reached skill level 9 in Axes
  6734 | D:8      | Found a staircase to the Lair.
  6940 | D:8      | Found a deep blue altar of Sif Muna.
  7292 | D:9      | Noticed a white ugly thing
  7311 | D:9      | Killed a white ugly thing
  7318 | D:9      | HP: 1/84 [troll (6)]
  7318 | D:9      | Slain by a troll

Skill      XL: |  1  2  3  4  5  6  7  8  9 10 |
---------------+-------------------------------+-----
Axes           | 2 3 4 5 6 8 9 |  9.7
Dodging        | 1 2 |  2.2
Armour         | 2 3 4 5 6 7 |  7.2
Fighting       | 4 6 |  6.7
Invocations    | 3 4 5 6 7 |  7.2
Throwing       | |  0.1

Action                   |  1- 3 |  4- 6 |  7- 9 | 10-12 || total
-------------------------+-------+-------+-------+-------++-------
Melee: Battleaxe         |    62 |   126 |   216 |   134 ||   538
Throw: Tomahawk          |       |     1 |     2 |     1 ||     4
Invok: Depart the Abyss  |     1 |       |       |       ||     1
       Banish            |       |       |     1 |       ||     1
  Use: Scroll            |     1 |    11 |     8 |       ||    20
       Potion            |       |       |     6 |       ||     6
  Eat: Chunk             |     7 |    18 |    43 |    16 ||    84
       Meat ration       |       |       |       |     1 ||     1
Armor: Leather armour    |    17 |       |       |       ||    17
       Chain mail        |    11 |   118 |   189 |   197 ||   515
Dodge: Dodged            |    46 |    56 |   128 |   133 ||   363
